 Dungeon Crawl Stone Soup version 0.29.0-11-gd7f09526c8 (webtiles) character file.

Game seed: 12952131582779615628

4 Monkooky the Sneak (level 1, -1/14 HPs)
             Began as a Ghoul Enchanter on Sept 4, 2022.
             Slain by a ball python (2 damage)
             ... on level 1 of the Dungeon.
             The game lasted 00:00:15 (212 turns).

Monkooky the Sneak (Ghoul Enchanter)                 Turns: 212, Time: 00:00:16

Health: -1/14      AC:  2    Str: 11    XL:     1   Next: 60%
Magic:  2/2        EV: 12    Int: 10    God:
Gold:   11         SH:  0    Dex:  9    Spells: 3/3 levels left

rFire   . . .      SeeInvis .   a - +1 dagger
rCold   + . .      Faith    .   (no shield)
rNeg    + + +      Spirit   .   b - +0 robe
rPois   ∞          Reflect  .   (no helmet)
rElec   .          Harm     .   (no cloak)
rCorr   .          Rampage  .   (no gloves)
Will    .....                   (no boots)
Stlth   ++........              (no amulet)
HPRegen 0.00/turn               (no ring)
MPRegen 0.08/turn               (no ring)

@: inhibited regen, invisible
A: claws 1, cold resistance 1, negative energy resistance 3, inhibited
regeneration, torment resistance 2, devour on kill
a: no special abilities


You were on level 1 of the Dungeon.
You visited 1 branch of the dungeon, and saw 1 of its levels.

You collected 11 gold pieces.

Inventory:

Hand Weapons
 a - a +1 dagger (weapon)
Armour
 b - a +0 robe (worn)
Potions
 c - a potion of invisibility


   Skills:
 - Level 0.8 Short Blades
 - Level 1.7 Dodging
 - Level 3.2 Stealth
 + Level 1.2 Unarmed Combat
 - Level 1.7 Spellcasting
 - Level 2.4 Hexes


You had 3 spell levels left.
You didn't know any spells.
Your spell library contained the following spells:

 Spells                   Type           Power      Damage    Failure   Level
 Ensorcelled Hibernation  Hex/Ice        6%         N/A       30%         2
 Confusing Touch          Hex            5%         N/A       34%         3
 Tukima's Dance           Hex            5%         N/A       34%         3
 Dazzling Flash           Conj/Hex       6%         N/A       52%         3


Dungeon Overview and Level Annotations

Branches:
Dungeon (1/15)

Altars:


Innate Abilities, Weirdness & Mutations

You are immune to poison.
You have sharp fingernails.
Your flesh is cold resistant. (rC+)
You are immune to negative energy. (rN+++)
You do not regenerate when monsters are visible.
You are immune to unholy pain and torment.
You thrive by killing the living.


Message History

You kill the endoplasm!
You feel better. The ball python barely misses you. The ball python grabs you.
The ball python constricts you.
The frilled lizard bites you but does no damage.
Your Unarmed Combat skill increases to level 1!
You completely miss the ball python.
The ball python bites you but does no damage.
The ball python constricts you. The frilled lizard closely misses you.
The ball python bites you. The ball python constricts you.
You hit the ball python.
The ball python is severely wounded.
The ball python bites you. The ball python constricts you.
The frilled lizard misses you.
You hit the ball python but do no damage.
The ball python is severely wounded.
The ball python bites you. The ball python constricts you.
The frilled lizard bites you.
* * * LOW HITPOINT WARNING * * *
You are too injured to fight recklessly!
You are too injured to fight recklessly!
You are too injured to fight recklessly!
You are too injured to fight recklessly!
You are too injured to fight recklessly!
There are monsters nearby!
You closely miss the ball python.
The ball python is severely wounded.
The ball python bites you.
* * * LOW HITPOINT WARNING * * *
The ball python constricts you.
* * * LOW HITPOINT WARNING * * *
The frilled lizard bites you but does no damage.
The ball python's grasp on you weakens, but your attempt to escape fails.
The ball python closely misses you. The ball python constricts you.
* * * LOW HITPOINT WARNING * * *
The frilled lizard closely misses you.
You escape the ball python's grasp.
The frilled lizard hisses.
You fade into invisibility!
The ball python bites you.
You die...

#..........
##.........#
...........
#..........
####..........
#.............
#.##..........
#.$..S......#
.....###
###..@l.....#
#......#
#.(.......#
#......#
#..########
###......#
#.....#
.........#
##.##.#
#......#
#....#
#......##
#.####
#.......## #.#
#........# #.#


You could see a ball python (unable to see you) and a frilled lizard (unable to
see you).

Vanquished Creatures
  An endoplasm (D:1)
  A hobgoblin (D:1)
  A bat (D:1)
  A frilled lizard (D:1)
4 creatures vanquished.

Notes
Turn   | Place    | Note
-------+----------+-------------------------------------------
     0 | D:1      | Monkooky the Ghoul Enchanter began the quest for the Orb.
     0 | D:1      | Reached XP level 1. HP: 14/14 MP: 2/2
   206 | D:1      | Reached skill level 1 in Unarmed Combat
   212 | D:1      | Slain by a ball python

Illustrated notes

Levels and vault maps discovered:
D:1:      shiori_arrival_oz, layout_basic,
          shapermc_ecumenical_altar_mp_vishouse, minivault_27

Skill      XL: |  1 |
---------------+----+-----
Unarmed Combat | 1 |  1.2
Short Blades   | |  0.8
Dodging        | |  1.7
Stealth        | |  3.2
Spellcasting   | |  1.7
Hexes          | |  2.4

Action                   || total
-------------------------++-------
Melee: Dagger            ||    24
  Use: Potion            ||     1
 Stab: Sleeping          ||     1
Armor: Robe              ||    11
Dodge: Dodged            ||    24
